 Seeded DCSS version 0.30.0-30-g96aa6591b8 (webtiles) character file.

Game seed: 6351066067085065685 (custom seed)

552 Esekla the Grave Robber (level 7, -9/36 HPs)
             Began as a Deep Elf Necromancer on June 28, 2023.
             Was a Follower of Vehumet.
             Mangled by an ogre
             ... wielding a +0 giant club
              (24 damage)
             ... on level 5 of the Dungeon.
             The game lasted 00:14:33 (2666 turns).

Esekla the Grave Robber (Deep Elf Necromancer)      Turns: 2666, Time: 00:14:34

Health: -9/36      AC:  3    Str:  5    XL:     7   Next: 8%
Magic:  13/16      EV: 14    Int: 22    God:    Vehumet [*.....]
Gold:   201        SH:  0    Dex: 18    Spells: 8/15 levels left

rFire   . . .        a - +5 rapier of the Hero {heavy, rN+ Dex+3}
rCold   . . .        (no shield)
rNeg    + . .        l - +0 robe
rPois   .            (no helmet)
rElec   .            (no cloak)
rCorr   .            j - +0 pair of gloves
SInv    .            (no boots)
Will    .....        (no amulet)
Stlth   +++          (no ring)
HPRegen 0.26/turn    (no ring)
MPRegen 0.15/turn

%: no passive effects
@: no status effects
A: no striking features
a: Renounce Religion


You were on level 5 of the Dungeon.
You worshipped Vehumet.
Vehumet was aware of your devotion.
You visited 1 branch of the dungeon, and saw 6 of its levels.

You collected 201 gold pieces.

Inventory:

Hand Weapons
 a - the +5 rapier of the Hero (weapon) {heavy, rN+ Dex+3}
   (You found it on level 3 of the Dungeon)

   Dex:       It affects your dexterity (+3).
   rN:        It protects you from negative energy.
 r - a +0 spear
Missiles
 p - 24 poisoned darts (quivered)
Armour
 j - a +0 pair of gloves (worn)
 l - a +0 robe (worn)
Wands
 f - a wand of roots (16)
Scrolls
 c - 3 scrolls of identify {unknown}
 e - 2 scrolls of fear {unknown}
 k - a scroll of immolation {unknown}
 o - 2 scrolls of fog {unknown}
 q - a scroll of blinking {unknown}
 s - a scroll of enchant armour {unknown}
 t - a scroll of amnesia {unknown}
 u - a scroll of enchant weapon {unknown}
Potions
 b - a potion of magic
 d - a potion of ambrosia {unknown}
 g - 2 potions of attraction {unknown}
 h - a potion of heal wounds {unknown}
 i - 4 potions of curing {unknown}
 m - a potion of haste {unknown}
 n - 2 potions of brilliance {unknown}


   Skills:
 + Level 3.2 Short Blades
 * Level 5.0 Dodging
 + Level 4.2 Stealth
 * Level 4.9 Spellcasting
 * Level 6.1 Necromancy
 * Level 1.8 Translocations


You had 8 spell levels left.
You knew the following spells:

 Your Spells              Type           Power      Damage    Failure   Level
a - Necrotise             Necr           100%       1d9       1%          1
d - Vampiric Draining     Necr           32%        2d8       2%          3
t - Teleport Other        Tloc           13%        N/A       14%         3

Your spell library contained the following spells:

 Spells                   Type           Power      Damage    Failure   Level
 Foxfire                  Conj/Fire      20%        2x1d5     11%         1
 Lesser Beckoning         Tloc           26%        N/A       8%          2
 Animate Dead             Necr           32%        N/A       9%          4
 Gell's Gravitas          Tloc           13%        N/A       14%         3
 Agony                    Necr           32%        N/A       22%         5


Dungeon Overview and Level Annotations

Branches:
Dungeon (6/15)
 Temple: D:4-7

Altars:
Fedhas
Hepliaklqana
Qazlal
Trog
Vehumet

Shops:
D:2 =


Message History

The poisoned dart misses you.
You barely miss the kobold. The kobold hits you with a +0 club.
You barely miss the kobold. The kobold hits you but does no damage.
The kobold barely misses you.
You barely miss the kobold. The kobold closely misses you.
You puncture the kobold!
You kill the kobold!
Vehumet accepts your kill.
You feel your power returning.
p - 24 poisoned darts (gained 7)
Items here: ( ))) †.
Okay, then.
You start resting.
HP restored.
You start resting.
Magic restored.
Items here: ( ))) †.
Things that are here:
a +0 short sword; 3 stones
Things that are here:
a +0 dagger; 5 stones; a kobold corpse
Items here: ( ))) †††.
A sky beast comes into view.
There is a stone staircase leading up, spattered with blood here.
You climb upwards.
The ogre closely misses you.
There is a stone staircase leading down here.
You puncture the ogre!
The ogre is heavily wounded.
The ogre hits you with a +0 giant club!!
Ouch! That really hurt!
* * * LOW HITPOINT WARNING * * *
Casting: Vampiric Draining (dangerous; 2% risk of failure)
Confirm with . or Enter, or press ? or * to list all spells.
Aiming: Vampiric Draining (dangerous; 2% risk of failure)
Press: ? - help, Shift-Dir - straight line, f - ogre
Aim: an ogre, wielding a +0 giant club (heavily wounded)
You draw life force from the ogre!
You feel life coursing into your body.
The ogre hits you with a +0 giant club!!
Ouch! That really hurt!
You die...

#.###†##.# #.#.# ..
#.##.# #.#.#
#.###.##.# #...#
.#...)...######...#
###...............#
##..#####.####.##
##.#.# #.# #.#
.#.##.#####.####.#
#........^.....O@#
........###.######
#.####..# #.#
#.......# #.#
#####.### #.# ##.##
#.# #...# #.# #.#.#
#.# #)..# #.#


You could see an ogre.

Vanquished Creatures
  2 black bears
  A kobold brigand (D:6)
  4 hounds
  A jelly (D:6)
  2 iguanas
  5 adders
  2 dart slugs
  3 orcs (D:3)
  6 ball pythons
  4 bats
  4 endoplasms
  8 goblins
  4 hobgoblins
  A quokka (D:1)
  4 frilled lizards
  11 kobolds
  A rat (D:2)
63 creatures vanquished.

Notes
Turn   | Place    | Note
-------+----------+-------------------------------------------
     0 | D:1      | Esekla the Deep Elf Necromancer began the quest for the
                  | Orb.
     0 | D:1      | Reached XP level 1. HP: 10/10 MP: 6/6
   217 | D:1      | Reached XP level 2. HP: 13/13 MP: 8/8
   486 | D:4      | Found a radiant altar of Vehumet.
   490 | D:4      | Became a worshipper of Vehumet
   541 | D:4      | Reached skill level 5 in Necromancy
   687 | D:3      | Identified the +5 rapier of the Hero {heavy, rN+ Dex+3}
   782 | D:2      | Found Renulab's Jewellery Shop.
  1034 | D:1      | Reached XP level 3. HP: 16/19 MP: 9/9
  1038 | D:1      | Learned a level 3 spell: Vampiric Draining
  1277 | D:2      | Found a faded altar of an unknown god.
  1293 | D:2      | Reached skill level 1 in Short Blades
  1322 | D:2      | Noticed a black bear
  1365 | D:2      | Reached XP level 4. HP: 23/24 MP: 11/11
  1405 | D:2      | Reached * piety under Vehumet
  1405 | D:2      | Offered knowledge of Foxfire by Vehumet.
  1409 | D:2      | Killed a black bear
  1410 | D:2      | Reached XP level 5. HP: 28/28 MP: 11/13
  1418 | D:2      | Learned a level 3 spell: Teleport Other
  1623 | D:3      | Found a stormy altar of Qazlal.
  2021 | D:3      | Found a hazy altar of Hepliaklqana.
  2021 | D:3      | Found a bloodstained altar of Trog.
  2279 | D:5      | Entered Level 5 of the Dungeon
  2321 | D:5      | Reached skill level 1 in Translocations
  2321 | D:5      | Reached XP level 6. HP: 32/32 MP: 14/14
  2552 | D:6      | Found a blossoming altar of Fedhas.
  2567 | D:6      | Reached skill level 5 in Dodging
  2567 | D:6      | Reached skill level 6 in Necromancy
  2567 | D:6      | Reached XP level 7. HP: 36/36 MP: 6/16
  2666 | D:5      | Mangled by an ogre

Illustrated notes

Levels and vault maps discovered:
D:1:      sevenhm_arrival_forest_fort_small_3, layout_rooms,
          chequers_serial_rivers_room_b, minmay_misc_feat_five
D:2:      layout_loops_ring, dreamdust_ecumenical_altar_angels_and_demons,
          serial_shops, shop
D:3:      layout_basic, grunt_temple_overflow_open, minmay_misc_feat_iff
D:4:      layout_basic, nicolae_overflow_quartered_altars, serial_shops,
          nicolae_diamond_shop
D:5:      layout_loops_ring, lemuel_doored_altar, minmay_misc_feat_rows,
          dreamdust_wishing_well
D:6:      layout_loops_cross, fedhas_altar_fruit_tree,
          minmay_temple_entry_glass, uniq_pikel, uniq_blork_the_orc

Skill      XL: |  1  2  3  4  5  6 |
---------------+-------------------+-----
Necromancy     | 5 6 |  6.1
Dodging        | 3 4 5 |  5.0
Short Blades   | 1 2 3 |  3.2
Stealth        | 3 4 |  4.2
Spellcasting   | 4 |  4.9
Translocations | 1 |  1.8

Action                     |  1- 3 |  4- 6 |  7- 9 || total
---------------------------+-------+-------+-------++-------
  Melee: Short sword       |    13 |       |       ||    13
         Dagger            |    30 |       |       ||    30
         Unarmed           |     9 |       |       ||     9
         Rapier            |    43 |    52 |     7 ||   102
         Punch             |     1 |     1 |       ||     2
   Cast: Vampiric Draining |       |    10 |     1 ||    11
   Stab: Sleeping          |     2 |     9 |       ||    11
 Armour: Robe              |    21 |    16 |     1 ||    38
  Dodge: Dodged            |    60 |    59 |     6 ||   125
